 Dungeon Crawl Stone Soup version 0.26-a0-753-g4680b4fa2e (webtiles) character file.

Game seed: 281804827705964375

88 Forecaster the Stinger (level 4, 0/36 HPs)
             Began as a Naga Venom Mage on Nov 7, 2020.
             Slain by a crimson imp (2 damage)
             ... summoned by Natasha
             ... on level 3 of the Dungeon.
             The game lasted 00:07:05 (2401 turns).

Forecaster the Stinger (Naga Venom Mage)            Turns: 2401, Time: 00:07:06

Health: 0/36       AC:  4    Str: 10    XL:     4   Next: 53%
Magic:  1/8        EV: 10    Int: 17    God:
Gold:   118        SH:  0    Dex: 11    Spells: 5/8 levels left

rFire    . . .     SeeInvis +   g - +0 dagger
rCold    . . .     Faith    .   (no shield)
rNeg     . . .     Spirit   .   a - +0 robe
rPois    +         Reflect  .   (no helmet)
rElec    .         Harm     .   (no cloak)
rCorr    .         Rampage  .   o - +1 pair of gloves
MR       .....                  (no barding)
Stlth    ++........             (no amulet)
HPRegen  0.12/turn              (no ring)
MPRegen  0.11/turn              (no ring)

@: lethally poisoned (0 -> -3), very slow
A: large, see invisible, deformed body, poison resistance, slowness 2, spit
poison 1, AC +1
a: Spit Poison


You were on level 3 of the Dungeon.
You visited 1 branch of the dungeon, and saw 3 of its levels.

You collected 118 gold pieces.

Inventory:

Hand Weapons
 d - a +0 whip
 f - a +0 short sword
 g - a +0 dagger (weapon)
Missiles
 q - a poisoned dart (quivered)
Armour
 a - a +0 robe (worn)
 h - a +3 ring mail
 o - a +1 pair of gloves (worn)
Scrolls
 b - 2 scrolls of identify
 c - a scroll of enchant armour
 e - 3 scrolls of amnesia
 i - 2 scrolls of remove curse {unknown}
 m - a scroll of enchant weapon {unknown}
Potions
 k - a potion of might {unknown}
 l - a potion of heal wounds {unknown}
 n - a potion of haste {unknown}
 p - a potion of brilliance {unknown}


   Skills:
 + Level 0.2 Fighting
 + Level 0.1 Short Blades
 + Level 1.8 Dodging
 + Level 3.4 Stealth
 + Level 0.4 Unarmed Combat
 + Level 2.8 Spellcasting
 + Level 1.4 Transmutations
 + Level 1.0 Air Magic
 + Level 4.8 Poison Magic


You had 5 spell levels left.
You knew the following spells:

 Your Spells              Type           Power        Failure   Level
a - Sting                 Tmut/Pois      ##..         4%          1
b - Poisonous Vapours     Pois/Air       ##....       8%          2

Your spell library contained the following spells:

 Spells                   Type           Power        Failure   Level
 Ignite Poison            Fire/Tmut/Pois #.......     22%         3
 Mephitic Cloud           Conj/Pois/Air  #.......     24%         3
 Olgreb's Toxic Radiance  Pois           ###.....     24%         4


Dungeon Overview and Level Annotations

Branches:
Dungeon (3/15)

Altars:

Annotations:
D:3 Natasha


Innate Abilities, Weirdness & Mutations

You cannot wear boots.
Your serpentine skin is tough. (AC +1)
You have supernaturally acute eyesight. (SInv)
Armour fits poorly on your strangely shaped body.
Your system is resistant to poisons. (rPois)
You cover ground very slowly.
You can spit poison.


Message History

The adder is engulfed in poison gas.
The adder is poisoned.
The adder closely misses you.
It was a potion of curing.
You feel better. The adder misses you. The bat hits you but does no damage.
The adder barely misses you. The bat misses you. The bat closely misses you.
You aren't carrying any pieces of jewellery.
As you read the scroll labeled QUPOIN JAJUORR, it crumbles to dust.
It is a scroll of identify.
e - 3 scrolls of amnesia You kill the jackal!
The adder bites you.
* * * LOW HITPOINT WARNING * * *
You are lethally poisoned!
The adder poisons you! The adder barely misses you.
As you read the scroll labeled DEGEME XEFEUS, it crumbles to dust.
It is a scroll of enchant armour.
Your +0 pair of gloves glows green for a moment.
* * * LOW HITPOINT WARNING * * *
You feel sick. The crimson imp hits you.
You die...

#. #.. ### #.... ...
...## ....# #.. .#.. )
###.#.###.##..## ..
#.#.#..........#
#.##>#..[.........##
#.#..b#).....<.....#
#.#.#5#............†.
#####..5hS@......#######.
......5o#####)...#
......o.# ###....#####.
........# #.....†......
........###.†..†..#....
......oo##o(##.........
.........ooo..(........
........#...##.##......
........#..###.........


You could see an orc wizard (fast, invisible), Natasha, a crimson imp
(summoned), an adder (poisoned), a white imp (summoned), a shadow imp (summoned)
and a bat.

Vanquished Creatures
  4 adders (D:2)
  An ooze (D:2)
  A worm (D:2)
  A dart slug (D:2)
  A leopard gecko (D:2)
  3 bats
  2 giant cockroaches
  6 goblins
  4 hobgoblins
  5 jackals
  A ball python (D:2)
  A frilled lizard (D:1)
  8 kobolds
  5 rats
43 creatures vanquished.

Notes
Turn   | Place    | Note
-------+----------+-------------------------------------------
     0 | D:1      | Forecaster the Naga Venom Mage began the quest for the Orb.
     0 | D:1      | Reached XP level 1. HP: 15/15 MP: 3/3
   264 | D:1      | Reached XP level 2. HP: 22/22 MP: 3/5
   268 | D:1      | Learned a level 2 spell: Poisonous Vapours
  1015 | D:2      | Reached XP level 3. HP: 11/28 MP: 1/6
  1693 | D:2      | Reached XP level 4. HP: 18/36 MP: 4/8
  2321 | D:3      | Reached skill level 1 in Air Magic
  2388 | D:3      | Noticed Natasha
  2401 | D:3      | Slain by a crimson imp

Illustrated notes

Levels and vault maps discovered:
D:1:      dpeg_arrival_rhombus, layout_rooms, bh_walls_and_bars
D:2:      layout_loops_ring
D:3:      layout_rooms, uniq_natasha

Skill      XL: |  1  2  3  4 |
---------------+-------------+-----
Air Magic      | 1 |  1.0
Fighting       | |  0.2
Short Blades   | |  0.1
Dodging        | |  1.8
Stealth        | |  3.4
Unarmed Combat | |  0.4
Spellcasting   | |  2.8
Transmutations | |  1.4
Poison Magic   | |  4.8

Action                   |  1- 3 |  4- 6 || total
-------------------------+-------+-------++-------
Melee: Unarmed           |     9 |       ||     9
       Dagger            |    42 |    14 ||    56
 Cast: Sting             |     9 |       ||     9
       Poisonous Vapours |    25 |    22 ||    47
  Use: Scroll            |       |     2 ||     2
       Potion            |       |     1 ||     1
 Stab: Sleeping          |       |     1 ||     1
Armor: Ring mail         |    10 |       ||    10
       Robe              |     7 |    17 ||    24
Dodge: Dodged            |    30 |    32 ||    62

Table legend: (Time is in decaauts)
 A = Elapsed time spent in this place.
 B = Non-inter-level travel time spent in this place.
 C = Inter-level travel time spent in this place.
 D = Time resting spent in this place.
 E = Time spent auto-exploring this place.
 F = Levels seen in this place.
 G = Mean time per level.
                   A        B        C        D        E       F      G
               +--------+--------+--------+--------+--------+-----+--------+
         Total |   2778 |   2713 |     65 |    241 |   2043 |   3 |  926.0 |
       Dungeon |   2778 |   2713 |     65 |    241 |   2043 |   3 |  926.0 |
               +--------+--------+--------+--------+--------+-----+--------+

Top non-repeatable levels by time:
     D:2: 1838 daAuts
     D:1: 848 daAuts
     D:3: 91 daAuts
